[Event "fics rated crazyhouse match"]
[Site "fics, Oklahoma City, OK USA"]
[Date "2001.03.03"]
[White "Tecumseh"]
[WhiteElo "2332"]
[Black "LINDEGREN"]
[BlackElo "2404"]
[TimeControl "180+0"]
[Result "1-0"]

1. e4 Nf6 2. e5 Nd5 3. Nc3 e6 4. d4 d6 5. Nf3 Nc6 6. Nxd5 
exd5 7. Bb5 Bd7 8. Qe2 Be7 9. exd6 cxd6 10. N@h5 O-O 11. P@h6 Bf6 
12. hxg7 Bxg7 13. Nxg7 P@e4 14. Bxc6 exf3 15. Nh5 P@g7 16. N@h6+ gxh6 17. gxf3 
Re8 18. Rg1+ N@g6 19. Rxg6+ fxg6 20. N@f6+ Kf7 21. Nxe8 R@h1+ 22. Kd2 N@c4+ 
23. Qxc4 dxc4 24. R@g7+ Kf8 25. Rf7+ Kxf7 26. N@h8+ Kxe8 27. P@f7+ Ke7 28. P@f6+ 
Ke6 29. B@g4+ N@f5 30. Bxf5+ Kxf5 31. N@h4+ Ke6 32. Nf4+ Kxf6 33. Nd5+ Kg7 
34. f8=Q+ Qxf8 35. Bxd7 Qf5 36. Kc3 
{LINDEGREN forfeits on time} 1-0

[Event "fics rated crazyhouse match"]
[Site "fics, Oklahoma City, OK USA"]
[Date "2001.03.03"]
[White "LINDEGREN"]
[WhiteElo "2394"]
[Black "Tecumseh"]
[BlackElo "2342"]
[TimeControl "180+0"]
[Result "1-0"]

1. e4 Nc6 2. Nc3 Nf6 3. d4 d5 4. exd5 Nxd5 5. Nf3 Nxc3 6. bxc3 
N@e4 7. Bd2 e6 8. Bd3 Nxd2 9. Qxd2 B@b2 10. Rd1 P@b4 11. O-O Bxc3 
12. Qe3 P@g4 13. Ne5 Bxd4 14. Nxc6 bxc6 15. Qf4 e5 16. Qe4 P@d5 17. Qe1 
Bfc5 18. P@e3 Bc3 19. Qe2 h5 20. N@f5 Bxf5 21. Bxf5 N@h4 22. Bxg4 hxg4 
23. Qxg4 Rh7 24. P@e6 Qe7 25. exf7+ Qxf7 26. B@e6 N@f3+ 27. Kh1 Qe7 28. P@d7+ 
Kf8 29. Qxf3+ B@f6 30. Qg4 
{Tecumseh forfeits on time} 1-0

[Event "fics rated crazyhouse match"]
[Site "fics, Oklahoma City, OK USA"]
[Date "2001.03.03"]
[White "Tecumseh"]
[WhiteElo "2335"]
[Black "LINDEGREN"]
[BlackElo "2401"]
[TimeControl "180+0"]
[Result "0-1"]

1. e4 Nf6 2. e5 e6 3. exf6 gxf6 4. d4 d5 5. Nc3 Nc6 6. Nf3 
Rg8 7. Bf4 P@e4 8. Nh4 Bd7 9. Bg3 Bd6 10. N@b5 Bxg3 11. hxg3 B@b6 
12. Qh5 Nxd4 13. Nxd4 Bxd4 14. Qxh7 Ke7 15. N@f5+ exf5 16. Nxf5+ Bxf5 17. Qxf5 
Bxf2+ 18. Qxf2 N@g4 19. B@a3+ Ke8 20. P@e7 Qd7 21. B@f5 Nxf2 22. Bxd7+ Kxd7 
23. B@a4+ P@c6 24. Q@f5+ P@e6 25. Qxf2 B@b6 26. P@c5 N@g4 27. cxb6 axb6 28. Bfb5 
Nxf2 29. Bxc6+ bxc6 30. Bxc6+ Kxc6 31. N@d4+ Kb7 32. B@c6+ Ka6 33. Bxa8 Nd3+ 
34. cxd3 Q@e3+ 35. R@e2 P@d2+ 36. Kf1 N@h2+ 37. Rxh2 Q@g1# 
{Tecumseh checkmated} 0-1

[Event "fics rated crazyhouse match"]
[Site "fics, Oklahoma City, OK USA"]
[Date "2001.03.03"]
[White "LINDEGREN"]
[WhiteElo "2408"]
[Black "Tecumseh"]
[BlackElo "2328"]
[TimeControl "180+0"]
[Result "1-0"]

1. e4 Nc6 2. Nc3 Nf6 3. d4 d5 4. exd5 Nxd5 5. Nf3 Nxc3 6. bxc3 
N@e4 7. Bd2 Nxd2 8. Qxd2 B@b2 9. Rd1 e6 10. Bb5 P@b4 11. cxb4 Bd7 
12. c3 Bxc3 13. Qxc3 Bxb4 14. Qxb4 Nxb4 15. Bxd7+ Qxd7 16. B@e2 P@c2 17. O-O 
cxd1=Q 18. Bxd1 P@h3 19. B@h1 B@c6 20. N@e5 Bxf3 21. Bxf3 Qxd4 22. P@d7+ Ke7 
23. N@c8+ Raxc8 24. dxc8=Q Rxc8 25. P@d7 R@e1 26. dxc8=N+ Kd8 27. P@e7# 
{Tecumseh forfeits on time} 1-0

[Event "fics rated crazyhouse match"]
[Site "fics, Oklahoma City, OK USA"]
[Date "2001.03.03"]
[White "Tecumseh"]
[WhiteElo "2322"]
[Black "LINDEGREN"]
[BlackElo "2414"]
[TimeControl "180+0"]
[Result "1-0"]

1. e4 Nf6 2. e5 Nd5 3. Nc3 e6 4. Nxd5 exd5 5. d4 d6 6. Nf3 
Be7 7. N@h5 Rg8 8. Bd3 N@f5 9. Qe2 dxe5 10. Qxe5 P@e4 11. Bb5+ Nc6 
12. Ng5 Qd6 13. Bxc6+ bxc6 14. Qxd6 Nxd6 15. Nxh7 B@h4 16. P@g3 Bhf6 17. P@e5 
Bxe5 18. dxe5 P@e2 19. N@f6+ gxf6 20. N7xf6+ Kd8 21. Bf4 Bxf6 22. exd6 N@f3+ 
23. gxf3 N@g2+ 24. Kd2 Nxf4 25. B@e7+ Bxe7 26. dxe7+ Kxe7 27. B@f6+ Kd6 28. Q@d3 
{LINDEGREN forfeits on time} 1-0

[Event "fics rated crazyhouse match"]
[Site "fics, Oklahoma City, OK USA"]
[Date "2001.03.03"]
[White "LINDEGREN"]
[WhiteElo "2404"]
[Black "Tecumseh"]
[BlackElo "2332"]
[TimeControl "180+0"]
[Result "1-0"]

1. e4 Nc6 2. Nc3 Nf6 3. d4 d5 4. exd5 Nxd5 5. Nf3 Nxc3 6. bxc3 
N@e4 7. Bd2 e6 8. Bd3 Nxd2 9. Qxd2 B@b2 10. Rb1 Bxc3 11. Qxc3 P@b4 
12. Qd2 P@g4 13. Ne5 Nxe5 14. dxe5 N@h4 15. B@e4 h5 16. Bb5+ Bd7 17. Bxd7+ 
Qxd7 18. Qxd7+ Kxd7 19. P@c6+ bxc6 20. Bxc6+ Kxc6 21. N@a5+ Kd5 22. B@c6+ Kxe5 
23. Nc4+ Kf6 24. Q@e5+ Kg6 25. N@f4+ Kh7 26. Qxh5+ Kg8 27. Qxg4 B@c3+ 28. P@d2 
B@f5 29. Qg3 Bf6 30. P@e5 P@g5 31. exf6 gxf4 32. N@e7+ Kh7 33. Qxh4# 
{Tecumseh resigns} 1-0

[Event "fics rated crazyhouse match"]
[Site "fics, Oklahoma City, OK USA"]
[Date "2001.03.03"]
[White "Tecumseh"]
[WhiteElo "2326"]
[Black "LINDEGREN"]
[BlackElo "2410"]
[TimeControl "180+0"]
[Result "0-1"]

1. e4 Nf6 2. e5 Nd5 3. Nc3 e6 4. Nxd5 exd5 5. d4 Nc6 6. Bb5 
d6 7. Nf3 Be7 8. N@h5 Rg8 9. Qe2 N@e6 10. exd6 cxd6 11. P@f5 P@e4 
12. fxe6 Bxe6 13. N@a5 Qxa5+ 14. Bd2 Qd8 15. Nxg7+ Rxg7 16. P@a6 exf3 17. gxf3 
N@g2+ 18. Kd1 P@d7 19. axb7 Rb8 20. Bxc6 dxc6 21. P@f5 N@f4 22. Bxf4 Nxf4 
23. fxe6 Nxe2 24. P@d7+ Kf8 25. B@h6 N@c3+ 26. Ke1 Nxd4 27. Bxg7+ Kxg7 28. Rg1+ 
B@g5 29. N@h5+ Kh6 30. N@f4 Nxf3+ 31. Kf1 P@e2+ 32. Kg2 B@e4 33. Kh3 Q@h4+ 
34. Kg2 Ne1# 
{Tecumseh checkmated} 0-1

[Event "fics rated crazyhouse match"]
[Site "fics, Oklahoma City, OK USA"]
[Date "2001.03.03"]
[White "LINDEGREN"]
[WhiteElo "2416"]
[Black "Tecumseh"]
[BlackElo "2320"]
[TimeControl "180+0"]
[Result "1-0"]

1. e4 f6 2. Nc3 e6 3. d4 Nc6 4. Nf3 Bb4 5. Bd3 Nge7 6. O-O 
O-O 7. Be3 f5 8. exf5 Nxf5 9. Ne5 Nxe5 10. dxe5 Bxc3 11. bxc3 N@h4 
12. B@g5 Nxe3 13. Bxd8 N@f3+ 14. Kh1 Nxd1 15. Bxh7+ Kxh7 16. Bxh4 B@h3 17. P@g6+ 
Kxg6 18. N@e7+ Kh5 19. Q@g6+ Kxh4 20. P@g3# 
{Tecumseh checkmated} 1-0

[Event "fics rated crazyhouse match"]
[Site "fics, Oklahoma City, OK USA"]
[Date "2001.03.03"]
[White "Tecumseh"]
[WhiteElo "2314"]
[Black "LINDEGREN"]
[BlackElo "2422"]
[TimeControl "180+0"]
[Result "0-1"]

1. e4 Nf6 2. e5 Nd5 3. Nc3 e6 4. Nxd5 exd5 5. d4 d6 6. Nf3 
Nc6 7. Bb5 Bd7 8. Qe2 Be7 9. exd6 cxd6 10. N@g5 O-O 11. Bxc6 bxc6 
12. N@h5 P@e4 13. Nxg7 exf3 14. Nxf3 Kxg7 15. P@h6+ Kg8 16. P@e5 N@g6 17. h4 
B@h5 18. P@f6 Bxf6 19. exf6 Qxf6 20. B@g7 Qf5 21. Be3 P@e4 22. g4 N@g2+ 
23. Kd2 Qxf3 24. Rae1 P@c3+ 25. bxc3 Qxe2+ 26. Kxe2 Bdxg4+ 27. Kf1 Nxe3+ 28. Rxe3 
Be2+ 29. Kg1 Q@f1+ 30. Kh2 N@g4+ 31. Kg3 N@f5# 
{Tecumseh checkmated} 0-1

[Event "fics rated crazyhouse match"]
[Site "fics, Oklahoma City, OK USA"]
[Date "2001.03.03"]
[White "LINDEGREN"]
[WhiteElo "2428"]
[Black "Tecumseh"]
[BlackElo "2308"]
[TimeControl "180+0"]
[Result "1-0"]

1. e4 Nc6 2. Nc3 Nf6 3. d4 d5 4. exd5 Nxd5 5. Nf3 Nxc3 6. bxc3 
N@e4 7. Bd2 e6 8. Bd3 Nxd2 9. Qxd2 P@b4 10. P@b2 bxc3 11. bxc3 P@b4 
12. N@e2 bxc3 13. Nxc3 B@b2 14. Rb1 Bxc3 15. Qxc3 N@a3 16. Rb3 P@c4 17. Bxc4 
Bb4 18. Rxb4 Nxb4 19. Bb3 R@b1+ 20. B@d1 Rxb3 21. Qxb3 Nd5 22. O-O B@e7 
23. N@h5 Rg8 24. B@e4 f5 25. Bxd5 exd5 26. P@f7+ Kxf7 27. Ne5+ Kf8 28. P@g6 
B@e8 29. P@f7 Rh8 30. fxe8=Q+ Qxe8 31. B@f7 Qd8 32. gxh7 P@c4 33. R@g8+ Rxg8 
34. hxg8=Q# 
{Tecumseh checkmated} 1-0

[Event "fics rated crazyhouse match"]
[Site "fics, Oklahoma City, OK USA"]
[Date "2000.03.04"]
[White "dxpert"]
[WhiteElo "2275"]
[Black "ronenl"]
[BlackElo "2157"]
[TimeControl "0+1"]
[Result "1-0"]

1. e4 e6 2. d4 d5 3. exd5 exd5 4. Bb5+ Nc6 5. Qe2+ Be7 6. Bxc6+ 
bxc6 7. N@e5 B@b5 8. P@d3 Be6 9. Ngf3 f6 10. Nxc6 Bxc6 11. Qxe6 
{ronenl resigns} 1-0

[Event "fics rated crazyhouse match"]
[Site "fics, Oklahoma City, OK USA"]
[Date "2000.03.04"]
[White "Gobi"]
[WhiteElo "2233"]
[Black "dxpert"]
[BlackElo "2315"]
[TimeControl "0+1"]
[Result "0-1"]

1. e4 Nf6 2. e5 Nd5 3. Nc3 e6 4. d4 Bb4 5. Bd2 Bxc3 6. bxc3 
N@e4 7. B@b2 Nxf2 8. Kxf2 Qh4+ 9. N@g3 P@f4 10. Nf3 fxg3+ 11. hxg3 Qxh1 
12. P@e4 N@g4+ 13. Ke2 R@f2+ 14. Kd3 Rxg2 15. exd5 Nf2+ 16. Ke3 Nxd1+ 17. Rxd1 
Q@f2+ 18. Kd3 Qhxf1# 
{Gobi resigns} 0-1

[Event "fics rated crazyhouse match"]
[Site "fics, Oklahoma City, OK USA"]
[Date "2000.03.04"]
[White "dxpert"]
[WhiteElo "2354"]
[Black "Gobi"]
[BlackElo "2227"]
[TimeControl "300+0"]
[Result "0-1"]

1. d4 Nf6 2. Nc3 d5 3. Bf4 Bf5 4. Nf3 e6 5. Ne5 Be7 6. Nxf7 
Kxf7 7. P@e5 Ng4 8. h3 Nxf2 9. Kxf2 P@b4 10. Na4 N@e4+ 11. Kg1 Bh4 
12. Be3 Nc6 13. N@c5 Nxc5 14. Nxc5 N@c4 15. Nxb7 Nxe3 16. Nxd8+ Raxd8 17. Q@h5+ 
N@g6 18. P@f2 Bxf2+ 19. Kxf2 Nxd1+ 20. Ke1 P@f2+ 21. Kd2 B@e3+ 22. Kxd1 Q@e1# 
{dxpert checkmated} 0-1

[Event "fics rated crazyhouse match"]
[Site "fics, Oklahoma City, OK USA"]
[Date "2000.03.04"]
[White "Gobi"]
[WhiteElo "2238"]
[Black "dxpert"]
[BlackElo "2293"]
[TimeControl "300+0"]
[Result "1-0"]

1. e4 e6 2. d4 d6 3. Nc3 Nf6 4. Nf3 Be7 5. Bd3 Nc6 6. Bf4 
Nh5 7. Be3 d5 8. e5 Bb4 9. O-O Bxc3 10. bxc3 N@b2 11. Qe2 Nxd3 
12. cxd3 B@g4 13. h3 Bxf3 14. Qxf3 g6 15. N@f6+ Nxf6 16. exf6 Rg8 17. N@g7+ 
Kd7 18. B@b5 Rxg7 19. Bxc6+ bxc6 20. N@e5+ Ke8 21. fxg7 N@e2+ 22. Qxe2 B@f8 
23. R@g8 N@f3+ 24. Qxf3 N@e2+ 25. Qxe2 Qd6 26. N@f6+ Ke7 
{dxpert resigns} 1-0

[Event "fics rated crazyhouse match"]
[Site "fics, Oklahoma City, OK USA"]
[Date "2000.03.04"]
[White "Musot"]
[WhiteElo "2143"]
[Black "Firefly"]
[BlackElo "2518"]
[TimeControl "180+0"]
[Result "0-1"]

1. e4 e6 2. d4 Nc6 3. Nc3 d5 4. exd5 exd5 5. Bb5 Bb4 6. Nf3 
Qe7+ 7. Qe2 Qxe2+ 8. Bxe2 Nf6 9. O-O Bxc3 10. bxc3 Ne4 11. Bb5 P@h3 
12. B@h1 hxg2 13. Bxg2 P@h3 14. Bh1 Nxc3 15. Re1+ P@e4 16. Ne5 Nxb5 17. Nxc6 
bxc6 18. N@h5 Rg8 19. Q@e5+ N@e6 
{Musot resigns} 0-1

[Event "fics rated crazyhouse match"]
[Site "fics, Oklahoma City, OK USA"]
[Date "2000.03.04"]
[White "Firefly"]
[WhiteElo "2520"]
[Black "Musot"]
[BlackElo "2141"]
[TimeControl "180+0"]
[Result "1-0"]

1. e4 e6 2. Nc3 Nc6 3. d4 Nf6 4. e5 Nd5 5. Nxd5 exd5 6. Nf3 
d6 7. Bb5 a6 8. Bxc6+ bxc6 9. N@h5 N@e4 10. exd6 cxd6 11. P@h6 B@g4 
12. hxg7 Bxg7 13. Nxg7+ Kf8 14. B@h6 Kg8 15. Rg1 Rb8 16. Qe2 Qe7 17. P@e5 
dxe5 18. dxe5 P@d2+ 19. Bcxd2 Nxd2 20. Bxd2 B@e4 21. N@f6+ Kxg7 22. P@h6+ Kg6 
23. Nh4# 
{Musot checkmated} 1-0

[Event "fics rated crazyhouse match"]
[Site "fics, Oklahoma City, OK USA"]
[Date "2000.03.04"]
[White "Musot"]
[WhiteElo "2139"]
[Black "Firefly"]
[BlackElo "2522"]
[TimeControl "180+0"]
[Result "0-1"]

1. e4 e6 2. d4 Nc6 3. Nc3 d5 4. e5 Nge7 5. Bg5 h6 6. Bxe7 
Nxe7 7. Be2 Nf5 8. Nh3 Be7 9. O-O O-O 10. N@e3 B@g5 11. Nxf5 exf5 
12. f4 Bh4 13. Qd2 Be6 14. g3 N@e4 15. Qe3 Nxc3 16. bxc3 N@g4 17. Qf3 
c5 18. gxh4 cxd4 19. cxd4 Bxh4 20. P@g3 P@e4 21. Qg2 P@f3 22. Bxf3 exf3 
23. Rxf3 B@e4 24. gxh4 Bxf3 25. Qxf3 Qxh4 26. B@g3 Qxh3 27. B@g2 P@f2+ 28. Bxf2 
Qxf3 29. Bxf3 N@h3+ 30. Kf1 Nxh2+ 31. Ke2 Nxf4+ 32. Ke3 Nxf3 33. N@g3 Q@d2+ 
34. Kxf3 P@g4# 
{Musot checkmated} 0-1

[Event "fics rated crazyhouse match"]
[Site "fics, Oklahoma City, OK USA"]
[Date "2000.03.04"]
[White "Firefly"]
[WhiteElo "2524"]
[Black "Musot"]
[BlackElo "2137"]
[TimeControl "180+0"]
[Result "1-0"]

1. e4 e6 2. Nc3 Nc6 3. d4 d5 4. exd5 exd5 5. Bb5 Bb4 6. Qe2+ 
Qe7 7. Bg5 f6 8. Bf4 P@e6 9. Nf3 Bd7 10. Bxc7 Nh6 11. P@d6 Qf7 
12. O-O Bxc3 13. bxc3 N@e4 14. B@d2 Nf5 15. c4 O-O 16. Bxc6 Bxc6 17. cxd5 
Bxd5 18. N@f4 Nxd2 19. Nxd5 Nxf3+ 20. Qxf3 N@h4 21. N@e7+ Kh8 22. Qf4 exd5 
23. Nxf5 N@e2+ 24. Kh1 Nxf4 25. Nxh4 P@h3 26. B@f3 hxg2+ 27. Nxg2 P@h3 28. Nxf4 
B@g2+ 29. Nxg2 hxg2+ 30. Bxg2 B@b2 31. Rad1 N@c3 32. Rde1 Rae8 33. P@e7 Rg8 
34. P@e6 Qxe6 35. Rxe6 P@e2 36. N@f7# 
{Musot checkmated} 1-0

[Event "fics rated crazyhouse match"]
[Site "fics, Oklahoma City, OK USA"]
[Date "2000.03.04"]
[White "venomous"]
[WhiteElo "2458"]
[Black "TrumpetX"]
[BlackElo "2096"]
[TimeControl "60+0"]
[Result "1-0"]

1. e4 e6 2. d4 d5 3. e5 Nc6 4. Nh3 Nge7 5. Be3 Nf5 6. Be2 
Bb4+ 7. c3 Be7 8. O-O O-O 9. Nd2 Nh4 10. Bd3 f5 11. exf6 Bxf6 
12. P@g5 P@e4 13. Nxe4 dxe4 14. Bxe4 Be7 15. Qh5 N@g6 16. P@g3 Nf5 17. P@g4 
Nxe3 18. fxe3 B@f7 19. N@h4 Bxg5 20. Nxg5 P@f5 21. Qxh7# 
{TrumpetX checkmated} 1-0

[Event "fics rated crazyhouse match"]
[Site "fics, Oklahoma City, OK USA"]
[Date "2000.03.04"]
[White "TrumpetX"]
[WhiteElo "2094"]
[Black "venomous"]
[BlackElo "2460"]
[TimeControl "60+0"]
[Result "1-0"]

1. e4 e6 2. d4 Nc6 3. Nf3 Nf6 4. Bg5 Be7 5. Nc3 d5 6. Bxf6 
Bxf6 7. e5 Be7 8. N@h5 Rg8 9. Bb5 B@g4 10. Bxc6+ bxc6 11. Nxg7+ Rxg7 
12. P@f6 Bxf6 13. exf6 Qxf6 14. B@e5 Qxe5+ 15. dxe5 B@e7 16. N@f6+ Bxf6 17. exf6 
B@f8 18. B@e7 Bxe7 19. fxe7 Kxe7 20. Nxd5+ exd5 21. P@e5 B@a5+ 22. c3 N@e8 
23. B@f6+ Nxf6 24. exf6+ Ke6 25. Q@e5+ Kd7 26. N@c5+ Kd8 27. Qe7# 
{venomous checkmated} 1-0

[Event "fics rated crazyhouse match"]
[Site "fics, Oklahoma City, OK USA"]
[Date "2000.03.04"]
[White "venomous"]
[WhiteElo "2446"]
[Black "LINDEGREN"]
[BlackElo "2300"]
[TimeControl "120+0"]
[Result "0-1"]

1. e4 Nf6 2. Nc3 e6 3. Nf3 Nc6 4. Bb5 d5 5. exd5 Nxd5 6. d3 
Bd7 7. O-O Nxc3 8. bxc3 Bd6 9. N@e4 P@g4 10. Nfg5 e5 11. Nxd6+ cxd6 
12. Bxc6 bxc6 13. P@e6 Bxe6 14. Nxe6 fxe6 15. B@h5+ B@g6 16. Bxg4 P@f5 17. Bf3 
O-O 18. P@h5 N@h4 19. hxg6 hxg6 20. N@g5 Nxf3+ 21. Qxf3 Qe7 22. B@h7+ Kh8 
23. Bxg6 N@h6 24. Qh5 B@g4 25. Qxh6+ gxh6 26. N@f7+ Kg7 27. Nxe6+ Qxe6 28. Bxh6+ 
Kxg6 29. N@h8+ Rxh8 30. Nxh8+ Rxh8 31. R@g3 N@e2+ 32. Kh1 P@h3 33. P@g7 Nxg3+ 
34. fxg3 hxg2+ 35. Kxg2 P@f3+ 36. Rxf3 Bxf3+ 37. Kxf3 e4+ 38. Ke2 B@f3+ 39. Kd2 
R@e2+ 40. Kc1 Rxc2+ 41. Kxc2 N@a3+ 42. Kd2 R@c2+ 43. Ke3 Q@e2+ 44. Kd4 N@b5# 
{venomous checkmated} 0-1

[Event "fics rated crazyhouse match"]
[Site "fics, Oklahoma City, OK USA"]
[Date "2000.03.04"]
[White "LINDEGREN"]
[WhiteElo "2311"]
[Black "venomous"]
[BlackElo "2435"]
[TimeControl "120+0"]
[Result "0-1"]

1. e4 e6 2. Nc3 Nc6 3. d4 Nf6 4. Nf3 Bb4 5. Bd3 d5 6. exd5 
Nxd5 7. Bd2 P@a3 8. Nxd5 Bxd2+ 9. Qxd2 axb2 10. Rd1 exd5 11. Qe3+ P@e4 
12. Bxe4 dxe4 13. Qxe4+ Qe7 14. P@e5 B@f5 15. Qe2 N@c3 16. Qd2 b1=Q 17. O-O 
Nxd1 18. Rxd1 Qxc2 19. B@c5 Qxd2 20. Nxd2 P@e2 21. Re1 R@d1 22. N@f3 Rxe1+ 
23. Nxe1 R@f1+ 24. Nxf1 exf1=Q+ 25. Kxf1 B@a6+ 26. P@e2 N@d2# 
{LINDEGREN resigns} 0-1

[Event "fics rated crazyhouse match"]
[Site "fics, Oklahoma City, OK USA"]
[Date "2000.03.04"]
[White "venomous"]
[WhiteElo "2440"]
[Black "LINDEGREN"]
[BlackElo "2306"]
[TimeControl "120+0"]
[Result "1-0"]

1. e4 Nf6 2. Nc3 Nc6 3. Nf3 e6 4. Bb5 a6 5. Bxc6 dxc6 6. O-O 
B@h5 7. N@f4 Bxf3 8. Qxf3 N@e5 9. Qd1 Bb4 10. d4 Bxc3 11. bxc3 Nxe4 
12. dxe5 Qxd1 13. Rxd1 P@d5 14. N@h5 Rg8 15. Ba3 N@c5 16. Bxc5 Nxc5 17. N@f6+ 
gxf6 18. Nxf6+ Kd8 19. P@e7+ Kxe7 20. Nxg8+ Kf8 21. R@e8# 
{LINDEGREN resigns} 1-0

[Event "fics rated crazyhouse match"]
[Site "fics, Oklahoma City, OK USA"]
[Date "2000.03.04"]
[White "LINDEGREN"]
[WhiteElo "2301"]
[Black "venomous"]
[BlackElo "2445"]
[TimeControl "120+0"]
[Result "1-0"]

1. e4 e6 2. Nf3 Nc6 3. d4 Nf6 4. Bd3 Bb4+ 5. c3 Be7 6. O-O 
d5 7. e5 Ne4 8. Qe2 Bd7 9. Bxe4 dxe4 10. Qxe4 B@f5 11. Qe2 f6 
12. N@h5 Rg8 13. exf6 Bxf6 14. P@g5 Be7 15. Nh4 Bxb1 16. Rxb1 Bxg5 17. Nf3 
Bxc1 18. Rbxc1 B@g4 19. Nf4 Bxf3 20. Qxf3 N@g5 21. B@h5+ P@g6 22. Qg4 P@f5 
23. Qe2 gxh5 24. Qxh5+ B@f7 25. Qe2 N@g6 26. Nxg6 hxg6 27. B@h4 N@f4 28. Qe3 
Ngh3+ 29. gxh3 Qxh4 30. P@g2 B@g5 31. B@g3 Nxh3+ 32. gxh3 Bxe3 33. Bxh4 P@g2 
34. N@g3 gxf1=Q+ 35. Rxf1 Bxf2+ 36. Rxf2 P@f6 37. B@f1 O-O-O 38. P@g2 R@b6 39. N@c5 
Q@b8 40. P@e7 Rde8 41. b4 a6 42. N@c4 Na7 43. Nxb6+ cxb6 44. Q@d6 Qxd6 
45. R@a8+ N@b8 46. Nxb7 Kxb7 47. Rxb8+ Kxb8 48. P@c5 bxc5 49. bxc5 Qxe7 50. P@b6 
Nb5 51. Nxf5 exf5 52. Bg3+ P@f4 53. P@a7+ Kb7 54. Bxf4 g5 55. N@a5# 
{venomous forfeits on time} 1-0

[Event "fics rated crazyhouse match"]
[Site "fics, Oklahoma City, OK USA"]
[Date "2000.03.04"]
[White "venomous"]
[WhiteElo "2434"]
[Black "LINDEGREN"]
[BlackElo "2312"]
[TimeControl "120+0"]
[Result "1-0"]

1. e4 Nf6 2. Nc3 e6 3. Nf3 d5 4. exd5 Nxd5 5. Nxd5 exd5 6. Bb5+ 
Nc6 7. N@e5 Bd7 8. Bxc6 Bxc6 9. Nxf7 Qe7+ 10. N7e5 P@f7 11. O-O B@e4 
12. d3 Bxf3 13. Nxf3 N@e2+ 14. Kh1 d4 15. B@g4 N@f6 16. P@d7+ Bxd7 17. Bxd7+ 
Nxd7 18. N@d5 P@h3 19. Rg1 hxg2+ 20. Rxg2 P@h3 21. B@f1 hxg2+ 22. Bxg2 B@c6 
23. Nxc7+ Kd8 24. Nxa8 Ng3+ 25. hxg3 Bxf3 26. P@c7+ Ke8 27. R@d8# 
{LINDEGREN resigns} 1-0

[Event "fics rated crazyhouse match"]
[Site "fics, Oklahoma City, OK USA"]
[Date "2000.03.04"]
[White "LINDEGREN"]
[WhiteElo "2307"]
[Black "venomous"]
[BlackElo "2439"]
[TimeControl "120+0"]
[Result "1-0"]

1. e4 e6 2. d4 Nc6 3. Nf3 Nf6 4. Bd3 Bb4+ 5. c3 Be7 6. O-O 
d6 7. Qe2 e5 8. d5 Nb8 9. Ng5 O-O 10. Be3 Bg4 11. f3 Bd7 
12. Nd2 c6 13. c4 Na6 14. Rac1 Rc8 15. Kh1 c5 16. g4 Nb4 17. Bb1 
Ne8 18. Nh3 h5 19. Nf2 h4 20. Rg1 Na6 21. Nh3 Nf6 22. Nf1 Nh7 
23. Bd2 Nc7 24. Ne3 Ne8 25. Nf5 Bf6 26. g5 Bxg5 27. Nxg5 Bxf5 28. exf5 
Nxg5 29. Bxg5 Qxg5 30. Rxg5 B@h6 31. N@e7+ Kh8 32. Rh5 N@f4 33. Rxh6+ gxh6 
34. f6 R@g8 35. Q@h7# 
{venomous checkmated} 1-0

[Event "fics rated crazyhouse match"]
[Site "fics, Oklahoma City, OK USA"]
[Date "2000.03.04"]
[White "TrumpetX"]
[WhiteElo "2121"]
[Black "Flesh"]
[BlackElo "2294"]
[TimeControl "60+0"]
[Result "1-0"]

1. e4 d6 2. Bc4 Nf6 3. Bxf7+ Kxf7 4. Nf3 e5 5. Ng5+ Ke7 6. P@e6 
Bxe6 7. Nxe6 Kxe6 8. B@f5+ Kf7 9. Nc3 P@e6 10. Bxe6+ Kxe6 11. P@f5+ Kf7 
12. d4 exd4 13. Qxd4 B@e5 14. Qc4+ Ke8 15. Bg5 P@f7 16. P@e6 d5 17. exf7+ 
Kxf7 18. exd5 Bxc3+ 19. bxc3 P@d2+ 20. Kf1 B@c1 21. d6+ N@d5 22. B@e6+ Ke8 
23. P@f7# 
{Flesh checkmated} 1-0

[Event "fics rated crazyhouse match"]
[Site "fics, Oklahoma City, OK USA"]
[Date "2000.03.04"]
[White "Flesh"]
[WhiteElo "2282"]
[Black "TrumpetX"]
[BlackElo "2133"]
[TimeControl "60+0"]
[Result "1-0"]

1. e4 e6 2. d4 d5 3. e5 Nc6 4. Nf3 Bd7 5. Bb5 Nxe5 6. Bxd7+ 
Nxd7 7. Bf4 B@a6 8. B@d3 Bxd3 9. cxd3 B@a5+ 10. Nc3 Bxc3+ 11. bxc3 Ndf6 
12. Bg5 Be7 13. Bxf6 Nxf6 14. B@e5 Ng4 15. Bxg7 Rg8 16. P@f6 Bxf6 17. Bxf6 
Nxf6 18. B@e5 B@e7 19. N@h6 Rg6 20. Bxf6 Bxf6 21. N@g4 N@b2 22. Qc2 B@h5 
23. Nxf6+ Qxf6 24. B@g5 Rxg5 25. Nxg5 Qxg5 26. R@g8+ B@f8 27. Rxg5 P@e2 28. B@f3 
Bxf3 29. gxf3 B@d1 30. Qxb2 N@c2+ 31. Kd2 Nxa1 32. N@f6+ Ke7 33. Nhg8+ Kd6 
34. Q@d7# 
{TrumpetX checkmated} 1-0

[Event "fics rated crazyhouse match"]
[Site "fics, Oklahoma City, OK USA"]
[Date "2000.03.04"]
[White "TrumpetX"]
[WhiteElo "2128"]
[Black "Flesh"]
[BlackElo "2287"]
[TimeControl "60+0"]
[Result "1-0"]

1. e4 d5 2. exd5 e6 3. Bb5+ Bd7 4. dxe6 Bxb5 5. exf7+ Kxf7 6. Qh5+ 
g6 7. Qxb5 B@c6 8. B@b3+ Kg7 9. Qe2 Bxg2 10. d3 Bxh1 11. P@h6+ Nxh6 
12. Bxh6+ Kxh6 13. N@g4+ Kg5 14. Nh3+ Kh4 15. Ne5 Kxh3 16. Qg4+ Kxh2 17. Qg3# 
{Flesh checkmated} 1-0

[Event "fics rated crazyhouse match"]
[Site "fics, Oklahoma City, OK USA"]
[Date "2000.03.04"]
[White "Flesh"]
[WhiteElo "2276"]
[Black "TrumpetX"]
[BlackElo "2139"]
[TimeControl "60+0"]
[Result "1-0"]

1. e4 e6 2. d4 d5 3. e5 Nc6 4. Nf3 Nge7 5. Bg5 Qd7 6. Bxe7 
Bxe7 7. N@h5 Rg8 8. Nxg7+ Rxg7 9. P@f6 Rg8 10. fxe7 Nxe7 11. Nc3 Nf5 
12. Bb5 P@c6 13. Bd3 Rxg2 14. Bxf5 exf5 15. N@f6+ Kd8 16. Nxd7 Bxd7 17. B@f6+ 
P@e7 18. Bxe7+ Kxe7 19. P@d6+ Kd8 20. dxc7+ Kxc7 21. P@d6+ Kd8 22. Nxd5 B@a5+ 
23. P@b4 Bxb4+ 24. Nxb4 B@a5 25. B@c7+ Bxc7 26. dxc7+ Kxc7 27. B@d6+ Kd8 28. Nxc6+ 
Bxc6 29. Q@c7+ Ke8 30. Qe7# 
{TrumpetX checkmated} 1-0

[Event "fics rated crazyhouse match"]
[Site "fics, Oklahoma City, OK USA"]
[Date "2000.03.05"]
[White "dxpert"]
[WhiteElo "2234"]
[Black "Begemot"]
[BlackElo "2203"]
[TimeControl "180+3"]
[Result "0-1"]

1. e4 Nc6 2. d4 e6 3. Nf3 d5 4. e5 Nge7 5. Nc3 Nf5 6. Bb5 
Bd7 7. Bxc6 Bxc6 8. g4 B@g2 9. gxf5 Bxh1 10. fxe6 fxe6 11. P@f7+ Kxf7 
12. N@g5+ Ke8 13. Nxe6 Qe7 14. N@f4 P@g4 15. Ncxd5 Bxd5 16. Nxd5 Bxf3 17. Ndxc7+ 
Kd7 18. Nc5+ Kxc7 19. P@d6+ Kc8 20. B@f1 Bxd1 21. P@d7+ Qxd7 22. Kxd1 R@e1+ 
23. Kxe1 N@f3+ 24. Ke2 Q@e1+ 25. Kd3 P@c4+ 26. Kxc4 N@a5+ 27. Kd5 P@c6# 
{dxpert checkmated} 0-1

[Event "fics rated crazyhouse match"]
[Site "fics, Oklahoma City, OK USA"]
[Date "2000.03.05"]
[White "Begemot"]
[WhiteElo "2221"]
[Black "dxpert"]
[BlackElo "2203"]
[TimeControl "180+3"]
[Result "0-1"]

1. e4 e6 2. d4 d5 3. e5 Nc6 4. Nf3 f6 5. exf6 gxf6 6. P@e5 
P@e4 7. exf6 exf3 8. P@g7 Qxf6 9. gxh8=Q Qxh8 10. gxf3 Nxd4 11. R@f4 N@f5 
12. P@e3 Bb4+ 13. Bd2 P@g2 14. Bxg2 P@e2 15. Qc1 Qg7 16. exd4 Qxg2 17. Kxe2 
B@b5+ 18. P@d3 Bxd2 19. Nxd2 P@e3 20. B@h5+ B@g6 21. Bxg6+ hxg6 22. P@f7+ Kxf7 
23. Rxf5+ exf5 24. N@e5+ Ke8 25. N@g7+ Kd8 26. B@h4+ P@f6 27. Nf1 exf2 28. Bxf2 
fxe5 29. Rg1 R@e4+ 30. fxe4 B@g4# 
{Begemot forfeits on time} 0-1

[Event "fics rated crazyhouse match"]
[Site "fics, Oklahoma City, OK USA"]
[Date "2000.03.05"]
[White "dxpert"]
[WhiteElo "2231"]
[Black "Begemot"]
[BlackElo "2205"]
[TimeControl "180+3"]
[Result "1-0"]

1. e4 e6 2. d4 Nf6 3. e5 Ne4 4. Nh3 d6 5. Bd3 Nxf2 6. Nxf2 
dxe5 7. dxe5 Bc5 8. P@e3 Nc6 9. N@h5 Rg8 10. Bxh7 Qg5 11. Bxg8 Bd7 
12. Bxf7+ Kxf7 13. Qxd7+ P@e7 14. R@f4+ P@f5 15. P@d5 exd5 16. Rxf5+ Qxf5 17. Qxf5+ 
P@f6 18. B@e6+ Ke8 19. Nxg7+ Kd8 20. Q@d7# 
{Begemot checkmated} 1-0